AoeStats
← Kino24JR

Nomad

505345639Analyzed
4v4 RM · 24d ago on Sep 9, 2026· 68m 9s· 8 players
Game mode
Random Map
Map size
231×231
Population
200
Speed
Normal
Resources
Standard
Victory
Conquest
Starting age
Dark Age
Ending age
Imperial Age
RankedLock teamsTeams togetherTeam positionsShared explorationLock speedFull tech treeHidden civsTurbo modeCheats
Victory
Defeat
🇺🇸 Japanese · United States
987
+12
🇦🇷 Italians · Argentina
950
+14
🇺🇸 Koreans · United States
927
+14
🇦🇷 Huns · Argentina
918
+15
🇨🇱 Franks · Chile
904
-14
🇩🇪 Portuguese · Germany
903
-14
🇩🇪 Khmer · Germany
892
-14
🇲🇽 Wei · Mexico
882
-13
iD SharKy
14:51 Feudal Age
21:48 Fletching
29:51 Castle Age
33:14 Padded Archer Armor
36:26 Elite Skirmisher
38:10 Bodkin Arrow
38:13 Town Watch
39:59 Leather Archer Armor
Quincha
19:21 Feudal Age
25:02 Castle Age
24:01 Fletching
24:18 Scale Barding Armor
24:28 Gold Mining
24:37 Double-Bit Axe
26:24 Wheelbarrow
29:30 Bow Saw
29:46 Town Watch
30:42 Stone Mining
31:28 Gold Shaft Mining
31:00 Husbandry
33:20 Forging
39:19 Iron Casting
39:05 Chain Barding Armor
38:47 Padded Archer Armor
41:55 Hand Cart
44:32 Imperial Age
41:48 Loom
43:02 Bodkin Arrow
45:49 Cavalier
47:08 Plate Barding Armor
47:34 Blast Furnace
47:54 Paladin
49:47 Chivalry
49:53 Chivalry
50:49 Elite Skirmisher
64:22 Chemistry
63:53 Leather Archer Armor
63:39 Scale Mail Armor
63:42 Town Patrol
VirtualVagabond
3:21 Loom
14:03 Feudal Age
14:36 Double-Bit Axe
15:56 Wheelbarrow
16:53 Horse Collar
22:06 Castle Age
36:44 Imperial Age
36:11 Scale Mail Armor
37:34 Bow Saw
36:53 Pikeman
50:59 Chemistry
51:45 Hand Cart
52:40 Arson
55:05 Onager
59:58 Scale Barding Armor
60:11 Chain Mail Armor
60:06 Forging
60:05 Scale Barding Armor
59:24 Halberdier
64:17 Cavalier
64:58 Husbandry
litomysl
3:18 Loom
14:03 Feudal Age
20:35 Bloodlines
28:27 Castle Age
Jacobclown
4:19 Loom
14:49 Feudal Age
18:46 Castle Age
17:15 Double-Bit Axe
25:48 Horse Collar
26:20 Bow Saw
29:36 Scale Mail Armor
29:26 Fletching
29:26 Town Watch
29:48 Heavy Plow
32:42 Bloodlines
32:41 Gold Mining
34:56 Bodkin Arrow
35:17 Chain Mail Armor
40:11 Wheelbarrow
40:03 Forging
44:06 Imperial Age
42:22 Squires
42:08 Arson
43:01 Iron Casting
44:17 Hand Cart
44:04 Town Patrol
48:14 Conscription
48:16 Kataparuto
51:13 Ballistics
51:54 Chemistry
50:59 Siege Engineers
50:52 Murder Holes
51:08 Masonry
51:15 Elite Samurai
52:31 Hoardings
52:59 Bracer
53:31 Plate Mail Armor
54:21 Elite Samurai
56:41 Blast Furnace
56:50 Elite Samurai
58:47 Pikeman
59:35 Halberdier
62:00 Yasama
64:52 Spies/Treason
FullyLoadedHashbrowns
11:49 Loom
17:46 Feudal Age
19:53 Scale Mail Armor
20:44 Fletching
26:09 Stone Mining
26:10 Gold Mining
30:56 Wheelbarrow
30:12 Double-Bit Axe
30:57 Horse Collar
34:54 Castle Age
35:01 Castle Age
34:32 Town Watch
48:10 Imperial Age
45:55 Bodkin Arrow
46:07 Scale Barding Armor
46:13 Forging
46:51 Pikeman
47:16 Gambesons
47:32 Squires
48:54 Medium Warships
48:45 Arson
50:44 Iron Casting
50:24 Chain Mail Armor
50:29 Chain Barding Armor
51:11 Conscription
51:33 Halberdier
53:40 Bracer
54:35 Bow Saw
55:23 Eupseong
63:24 Elite War Wagon
64:51 Hand Cart
Kino24JR
6:49 Loom
14:08 Feudal Age
14:44 Double-Bit Axe
18:32 Fletching
24:46 Castle Age
24:54 Crossbowman
29:39 Bow Saw
50:12 Bodkin Arrow
50:46 Horse Collar
53:34 Wheelbarrow
Santiago50490
5:17 Loom
23:13 Feudal Age
23:54 Double-Bit Axe
24:09 Horse Collar
25:13 Town Watch
30:36 Arson
31:16 Bloodlines
32:55 Forging
35:12 Fletching
35:23 Padded Archer Armor
39:38 Gold Mining
46:55 Wheelbarrow
49:40 Scale Barding Armor
64:16 Castle Age
67:18 Light Cavalry
68:00 Husbandry
Connection lost

Rejoining the realm…

Still unreachable

The connection could not be restored.

Session expired

The server has moved on; the page needs a fresh start.